 Dungeon Crawl Stone Soup version 0.21-a0-581-gb7d493d (webtiles) character file.

17 Hafrunt the Gusty (level 2, 0/23 HPs)
             Began as a Gnoll Wanderer on Dec 18, 2017.
             Slain by a hobgoblin
             ... wielding a +0 club
              (4 damage)
             ... on level 1 of the Dungeon.
             The game lasted 00:02:14 (543 turns).

Hafrunt the Gusty (Gnoll Wanderer)                   Turns: 543, Time: 00:02:15

Health: 0/23       AC:  2    Str: 14    XL:     2   Next: 62%
Magic:  5/5        EV: 11    Int: 12    God:
Gold:   60         SH:  0    Dex: 16    Spells: 5/6 levels left

rFire    . . .     SeeInvis .   k - +0 whip (drain)
rCold    . . .     Gourm    .   (no shield)
rNeg     . . .     Faith    .   d - +0 robe
rPois    .         Spirit   .   (no helmet)
rElec    .         Reflect  .   (no cloak)
rCorr    .         Harm     .   (no gloves)
MR       .....                  (no boots)
Stlth    ++........             (no amulet)
HPRegen  0.07/turn              (no ring)
MPRegen  0.09/turn              (no ring)

@: no status effects
A: distributed training, fangs 1, strong nose
a: no special abilities


You were on level 1 of the Dungeon.
You were not hungry.

You visited 1 branch of the dungeon, and saw 1 of its levels.

You collected 60 gold pieces.

Inventory:

Hand Weapons
 k - a +0 whip of draining (weapon)
Armour
 d - a +0 robe (worn)
Scrolls
 i - a scroll of enchant armour {unknown}
Potions
 c - a potion of lignification
 g - a potion of degeneration {unknown}
Books
 a - a book of Necromancy

   Spells                             Type                      Level
   a - Pain                           Necromancy                   1
   b - Animate Skeleton               Necromancy                   1
   c - Vampiric Draining              Necromancy                   3
   d - Regeneration                   Charms/Necromancy            3
   e - Animate Dead                   Necromancy                   4
   f - Control Undead                 Necromancy                   4
 b - Rosicis's Tome of Envenoming

   Spells                             Type                      Level
   a - Sting                          Conjuration/Poison           1
   b - Ignite Poison                  Fire/Transmutation/Poison    3
Comestibles
 f - a ration


   Skills:
 + Level 2.5 Fighting
 + Level 0.4 Short Blades
 + Level 0.4 Long Blades
 + Level 2.5 Axes
 + Level 0.4 Maces & Flails
 + Level 0.4 Polearms
 + Level 0.4 Staves
 + Level 0.4 Slings
 + Level 0.4 Bows
 + Level 0.4 Crossbows
 + Level 2.5 Throwing
 + Level 2.5 Armour
 + Level 0.4 Dodging
 + Level 0.4 Stealth
 + Level 0.4 Shields
 + Level 0.4 Unarmed Combat
 + Level 2.7 Spellcasting
 + Level 0.2 Conjurations
 + Level 0.2 Hexes
 + Level 0.2 Charms
 + Level 0.2 Summonings
 + Level 3.7 Necromancy
 + Level 0.2 Translocations
 + Level 0.2 Transmutations
 + Level 0.2 Fire Magic
 + Level 0.2 Ice Magic
 + Level 3.7 Air Magic
 + Level 0.2 Earth Magic
 + Level 0.2 Poison Magic
 + Level 0.5 Invocations
 + Level 2.5 Evocations


You had 5 spell levels left.
You knew the following spells:

 Your Spells              Type           Power        Failure   Level  Hunger
a - Animate Skeleton      Necr           N/A          5%          1    #......


Dungeon Overview and Level Annotations

Branches:
Dungeon (1/15)

Altars:


Innate Abilities, Weirdness & Mutations

Your experience applies equally to all skills.
You have very sharp teeth.
Your uncanny sense of smell can sniff out nearby items.


Message History

You barely miss the goblin. The goblin hits you.
The hobgoblin barely misses you.
You hit the goblin. You bite the goblin.
The goblin is severely wounded.
The goblin barely misses you. The hobgoblin closely misses you.
You barely miss the goblin. You bite the goblin, but do no damage.
The goblin is severely wounded.
The goblin hits you. The hobgoblin hits you with a club!
You hit the goblin but do no damage.
The goblin is severely wounded.
The goblin closely misses you.
The hobgoblin hits you but does no damage.
You barely miss the goblin.
The goblin is severely wounded.
The goblin hits you. The hobgoblin hits you with a club.
* * * LOW HITPOINT WARNING * * *
You hit the goblin but do no damage. You drain the goblin!
You kill the goblin!
The hobgoblin hits you with a club.
You die...

######.#..........##...
..........#...........#
.#####.#...............
## #....###.....#..).#
# #....###..........#g
#....#..............
#......#............
##.##...###.g##......
#..#.#....#.@##......
#..#.#..#.###[...#
#.###...####..##.....
#..#.....# #.## ...
#.###....# #.....g...
#..##...## .....##..
#..#.#..#.#..####
#..#.....#####
#####..##.#..#


You could see a hobgoblin.

Vanquished Creatures
  A leopard gecko (D:1)
  3 goblins (D:1)
  A hobgoblin (D:1)
  2 kobolds (D:1)
  A bat (D:1)
  A frilled lizard (D:1)
  A rat (D:1)
10 creatures vanquished.

Vanquished Creatures (collateral kills)
  An ooze (D:1)
  A goblin (D:1)
  A rat (D:1)
3 creatures vanquished.

Grand Total: 13 creatures vanquished

Notes
Turn   | Place    | Note
-------+----------+-------------------------------------------
     0 | D:1      | Hafrunt the Gnoll Wanderer began the quest for the Orb.
     0 | D:1      | Hafrunt set off with: a book of Necromancy, Rosicis's Tome of Envenoming, a potion of lignification, a +0 robe, a +0 dagger, a ration
     0 | D:1      | Reached XP level 1. HP: 17/17 MP: 4/4
     0 | D:1      | Identified Rosicis's Tome of Envenoming
     2 | D:1      | Learned a level 1 spell: Animate Skeleton
   151 | D:1      | Reached XP level 2. HP: 11/23 MP: 5/5
   543 | D:1      | Slain by a hobgoblin

Vault maps used:
D:1:      minmay_arrival_jagged

Action                   || total
-------------------------++-------
Melee: Dagger            ||    41
       Bite              ||     6
       Whip              ||    14
 Cast: Animate Skeleton  ||     4
Armor: Robe              ||     6
Dodge: Dodged            ||    39

Table legend:
 A = Spawn XP
 B = Non-spawn XP
 C = Spawn XP percentage of total XP
 D = Spawn monster count
 E = Non-spawn monster count
 F = Spawn count percentage of total count
 G = Total turns spent on level
                    A         B        C        D         E        F      G
               +---------+---------+-------+---------+---------+-------+---------
         Total |       0 |      25 |   0.0 |       0 |      13 |   0.0 |   543
               +---------+---------+-------+---------+---------+-------+---------
           D:1 |       0 |      25 |   0.0 |       0 |      13 |   0.0 |   543
               +---------+---------+-------+---------+---------+-------+---------
